 Dungeon Crawl Stone Soup version 0.19.5 (webtiles) character file.

107226 epen the Fencer (level 15, -2/123 HPs)
             Began as a Demonspawn Fighter on July 29, 2017.
             Was a Follower of Makhleb.
             Slain by a thrashing horror (4 damage)
             ... on level 3 of the Abyss.
             The game lasted 01:13:14 (30183 turns).

epen the Fencer (Demonspawn Fighter)               Turns: 30183, Time: 01:13:17

Health: -2/123     AC: 20    Str: 27    XL:     15   Next: 99%
Magic:  10/10      EV: 20    Int:  9    God:    Makhleb [*.....]
Gold:   2239       SH:  0    Dex: 14    Spells: 0 memorised, 14 levels left

rFire  + . .     SeeInvis .     R - +4 great sword
rCold  + . .     Gourm    .     E - +3 troll leather armour
rNeg   + . .     Faith    .     (shield currently unavailable)
rPois  +         Spirit   .     p - +2 hat
rElec  +         Reflect  .     i - +1 cloak
rCorr  .         Harm     .     C - +0 pair of gloves
MR     +....                    v - +0 pair of boots
Stlth  +.........               B - amulet of regeneration
                                I - ring of poison resistance
                                n - ring of protection from fire

@: mighty
A: antennae 2, claws 1, thin metallic scales 3, cold resistance 1, low mp 3,
mutation resistance 1, negative energy resistance 1, powered by pain 2,
screaming 2, MP-powered wands
a: Renounce Religion


You were on level 3 of the Abyss.
You worshipped Makhleb.
Makhleb was aware of your devotion.
You were not hungry.

You visited 5 branches of the dungeon, and saw 25 of its levels.
You visited the Abyss 1 time.
You also visited: Volcano.

You collected 2454 gold pieces.
You spent 215 gold pieces at shops.

Inventory:

Hand Weapons
 l - a +3 short sword of draining
 R - a +4 great sword (weapon)
Missiles
 S - 4 throwing nets (quivered)
Armour
 i - a +1 cloak (worn)
 p - a +2 hat (worn)
 v - a +0 pair of boots (worn)
 z - +0 steam dragon scales
 C - a +0 pair of gloves (worn)
 E - a +3 troll leather armour (worn)
 U - quicksilver dragon scales
Jewellery
 n - a ring of protection from fire (left hand)
 B - an amulet of regeneration (around neck)
 I - a ring of poison resistance (right hand)
Wands
 k - a wand of iceblast (7/15)
 x - a wand of lightning (10/15)
 y - a wand of iceblast (2/15)
 A - a wand of lightning (8/15)
 J - a wand of flame (15/48)
 Q - a wand of iceblast (9/15)
 Z - a wand of teleportation (0/9)
Scrolls
 e - 2 scrolls of enchant weapon
 h - 12 scrolls of remove curse
 o - 2 scrolls of enchant armour
 q - 14 scrolls of identify
 P - 6 scrolls of amnesia
Potions
 d - a potion of agility
 m - 4 potions of flight
 F - 2 potions of brilliance
 K - 2 potions of magic
 N - a potion of ambrosia
Books
 L - a book of Necromancy

   Spells                             Type                      Level
   a - Pain                           Necromancy                   1
   b - Animate Skeleton               Necromancy                   1
   c - Vampiric Draining              Necromancy                   3
   d - Regeneration                   Charms/Necromancy            3
   e - Animate Dead                   Necromancy                   4
   f - Control Undead                 Necromancy                   4
 Y - a book of Summonings

   Spells                             Type                      Level
   a - Recall                         Summoning/Translocation      3
   b - Aura of Abjuration             Summoning                    5
   c - Summon Demon                   Summoning                    5
   d - Summon Forest                  Summoning/Translocation      5
   e - Summon Mana Viper              Hexes/Summoning              5
   f - Shadow Creatures               Summoning                    6
Miscellaneous
 O - a box of beasts
Comestibles
 b - 2 beef jerkies
 f - 18 bread rations
 j - 7 fruits
 s - 6 meat rations


   Skills:
 + Level 13.1 Fighting
 * Level 16.4 Long Blades
 + Level 12.1 Armour
 + Level 12.0 Dodging
   Level 2.9 Shields


You had 14 spell levels left.
You didn't know any spells.

Dungeon Overview and Level Annotations

Branches:
Dungeon (15/15)            Temple (1/1) D:4            Lair (6/6) D:10
  Swamp (0/4) Lair:4       Spider (1/4) Lair:3        Slime (0/5) Lair:5
    Orc (2/2) D:11            Elf (0/3) Orc:2        Vaults (0/5) D:13
 Depths (0/5) D:15

Altars:
Ashenzari
Cheibriados
Dithmenos
Elyvilon
Fedhas
Gozag
Hepliaklqana
Kikubaaqudgha
Makhleb
Nemelex Xobeh
Okawaru
Qazlal
Ru
Sif Muna
Trog
Uskayaw
Vehumet
Xom
Yredelemnul
Zin
The Shining One

Shops:
D:5 =   D:6 :   D:9 :   D:10 *   D:12 :   Orc:2 (=[*

Annotations:
D:14 exclusion: Roxanne, Roxanne
Spider:1 Louise


Innate Abilities, Weirdness & Mutations

You have a pair of antennae on your head.
You are completely covered in thin metallic scales. (AC +4, rElec)
Your flesh is cold resistant. (rC+)
You resist negative energy. (rN+)
You sometimes gain power by taking damage.
You have sharp fingernails.
You are somewhat resistant to further mutation.
You expend magic power (3 MP) to strengthen your wands.
[Your magical capacity is extremely low. (-30% MP)]
[You sometimes yell uncontrollably at your foes.]


Message History

The meliai invokes the aid of its god against you.
Something smites you!
* * * LOW HITPOINT WARNING * * *
The killer bee stings you but does no damage.
The thrashing horror closely misses you.
You riposte.
You slash the thrashing horror!
The thrashing horror is severely damaged.
The thrashing horror tramples you.
* * * LOW HITPOINT WARNING * * *
You hold your ground!
The wretched star pulses with an eldritch light!
You feel less energetic. x3
As you read the scroll of fear, it crumbles to dust.
You assume a fearsome visage.
The thrashing horror is unaffected.
The green very ugly thing resists with almost no effort.
The wretched star is unaffected.
The killer bee looks frightened!
The meliai looks frightened! x2; The killer bee looks frightened! x2
The thrashing horror misses you. The thrashing horror barely misses you.
The thrashing horror tramples you.
You die...

## #. #.# .. .. .#..
## .#.#... ##
###.#....... #..
#.##@......∩ #. #.#
#y.Xy.......
.....#y**#y.y#...#..
#...###y###.##
####†#...# .u#
#...#... ...
##)###y## .## #.y#
.. .. ## *.#%.


You could see a green very ugly thing, 2 wretched stars, a thrashing horror, 2
meliai and 4 killer bees.

Vanquished Creatures
  Asterion (Spider:1)
  Frances (Spider:1)
  Kirke (D:14)
  A revenant (Abyss:3)
  An emperor scorpion (Spider:1)
  A ghost moth (Spider:1)
  An orc warlord (Orc:2)
  Nessos (D:13)
  A dire elephant (D:15)
  A red draconian (Volcano)
  Snorg (D:11)
  Josephine (Orc:1)
  Harold (D:12)
  Fannar (D:12)
  7 vault guards (D:13)
  4 hydras
  A rakshasa (Abyss:3)
  A death knight (D:15)
  A centaur warrior (D:14)
  A catoblepas (D:14)
  A tengu warrior (D:15)
  An ogre mage (Volcano)
  4 orc high priests (Orc:2)
  Urug (Lair:4)
  2 wretched stars (Abyss:3)
  A fire crab (Lair:6)
  Sonja (D:11)
  A sixfirhy (Abyss:3)
  5 skeletal warriors
  4 unseen horrors
  A wizard (D:13)
  6 hill giants
  The ghost of epen the Grappler, a novice DrMo (D:6)
  4 orc knights
  15 ugly things
  A deep elf mage (D:12)
  4 orc sorcerers
  3 manticores
  A cyclops (D:15)
  6 wolf spiders
  A salamander (D:15)
  3 centaur zombies
  3 black mambas (Lair:5)
  2 smoke demons (Abyss:3)
  17 spiny frogs
  3 gargoyles
  3 kobold demonologists
  2 centaur skeletons
  An orange demon (Abyss:3)
  An ice devil (Lair:2)
  An efreet (D:13)
  A tormentor (Abyss:3)
  2 demonic crawlers (Lair:3)
  6 komodo dragons
  2 tengu conjurers
  10 trolls
  A freezing wraith (D:15)
  9 jumping spiders
  A wind drake (shapeshifter) (D:14)
  3 polar bears
  A raiju (Abyss:3)
  A meliai (Abyss:3)
  4 hornets
  8 two-headed ogres
  A harpy skeleton (D:13)
  4 hippogriffs
  4 dream sheep (Lair:5)
  3 blink frogs (Lair:6)
  12 spriggans
  Sigmund (D:2)
  A shadow (D:11)
  25 yaks
  2 wyverns
  3 basilisks
  12 redbacks
  6 wraiths
  2 tarantellas
  5 fire bats (Volcano)
  5 hungry ghosts
  3 steam dragons
  4 vampire mosquitoes (D:15)
  A warg (D:11)
  2 mottled dragons
  A naga (shapeshifter) (D:15)
  10 water moccasins
  25 orc warriors
  6 porcupines
  A black bear (shapeshifter) (D:15)
  4 phantoms
  7 black bears
  4 ice beasts
  A sky beast (D:5)
  5 boggarts
  9 ogres
  2 necrophages
  27 wolves
  The ghost of epen the Insei, an amateur DsTm (D:3)
  5 centaurs
  10 crocodiles
  7 big kobolds
  20 bullfrogs
  A wyvern zombie (D:11)
  3 scorpions
  12 killer bees
  16 wights
  A howler monkey (D:12)
  5 crimson imps
  4 hounds
  4 jellies
  3 lava snakes (Volcano)
  A quasit (D:11)
  21 orc wizards
  25 orc priests
  4 bullfrog skeletons
  3 iguanas
  Jessica (D:6)
  Terence (D:3)
  12 worker ants
  A killer bee zombie (D:6)
  3 small abominations (Abyss:3)
  A hound zombie (D:8)
  9 adders
  6 gnolls
  2 shadow imps
  4 oozes
  2 adder skeletons
  2 worms
  2 dart slugs
  5 leopard geckos
  96 orcs
  A ball python (D:2)
  3 giant cockroaches
  10 goblins
  12 hobgoblins
  17 jackals
  49 kobolds
  9 quokkas
  9 bats
  7 frilled lizards
  A quokka zombie (D:7)
  5 rats
792 creatures vanquished.

Vanquished Creatures (collateral kills)
  A manticore (D:15)
  A boggart (D:15)
2 creatures vanquished.

Vanquished Creatures (others)
  A vault guard (D:13)
  A two-headed ogre (Volcano)
  5 humans (D:14)
  A boggart (D:15)
  A jelly (D:14)
  2 kobolds (D:13)
  11 fungi
  2 plants
  2 starspawn tentacles (Abyss:3)
26 creatures vanquished.

Grand Total: 820 creatures vanquished

Notes
Turn   | Place    | Note
-------+----------+-------------------------------------------
     0 | D:1      | epen the Demonspawn Fighter began the quest for the Orb.
     0 | D:1      | Reached XP level 1. HP: 18/18 MP: 1/1
    26 | D:1      | Reached skill level 2 in Long Blades
   156 | D:1      | Gained mutation: You are partially covered in thin metallic scales. (AC +2) [demonic ancestry]
   156 | D:1      | Reached XP level 2. HP: 24/24 MP: 2/2
   634 | D:1      | Reached XP level 3. HP: 27/29 MP: 3/3
   969 | D:2      | Noticed Sigmund
  1413 | D:2      | Killed Sigmund
  1413 | D:2      | Reached skill level 3 in Long Blades
  1413 | D:2      | Reached skill level 1 in Dodging
  1413 | D:2      | Reached XP level 4. HP: 21/36 MP: 4/4
  1413 | D:2      | Reached XP level 5. HP: 25/41 MP: 5/5
  1834 | D:3      | Noticed Terence
  1844 | D:3      | Killed Terence
  2349 | D:3      | Reached skill level 4 in Long Blades
  2356 | D:3      | Reached XP level 6. HP: 48/48 MP: 6/6
  2358 | D:3      | Noticed epen's ghost (amateur DsTm)
  2382 | D:3      | Killed epen's ghost
  2932 | D:3      | Found a hide-covered altar of Uskayaw.
  3085 | D:4      | Found a snail-covered altar of Cheibriados.
  3096 | D:4      | Gained mutation: You are mostly covered in thin metallic scales. (AC +3) [demonic ancestry]
  3096 | D:4      | Reached XP level 7. HP: 22/54 MP: 7/7
  3347 | D:4      | Reached skill level 5 in Long Blades
  3462 | D:4      | Found a staircase to the Ecumenical Temple.
  3604 | Temple   | Entered the Ecumenical Temple
  3951 | D:5      | Entered Level 5 of the Dungeon
  5138 | D:5      | Found Ilichen's Jewellery Boutique.
  5203 | D:5      | Gained mutation: You sometimes gain a little power by taking damage. [demonic ancestry]
  5203 | D:5      | Reached XP level 8. HP: 28/61 MP: 8/8
  5343 | D:5      | Reached skill level 6 in Long Blades
  5419 | D:5      | Found a shimmering altar of Xom.
  5545 | D:5      | Found a bloodstained altar of Trog.
  5753 | D:5      | Found a white marble altar of Elyvilon.
  5753 | D:5      | Found a glowing golden altar of the Shining One.
  5758 | D:5      | Found a faded altar of an unknown god.
  5761 | D:5      | Found a faded altar of an unknown god.
  5763 | D:5      | Found a faded altar of an unknown god.
  5958 | D:6      | Reached skill level 5 in Fighting
  6010 | D:6      | Found Tiwno's Book Boutique.
  6145 | D:6      | Noticed epen's ghost (novice DrMo)
  6241 | D:5      | Reached skill level 5 in Armour
  6246 | D:5      | Gained mutation: You are somewhat resistant to further mutation. [mutagenic meat]
  6247 | D:5      | Gained mutation: Your body sometimes deteriorates upon taking damage. [mutagenic meat]
  6249 | D:5      | Gained mutation: You expend magic power (3 MP) to strengthen your wands. [mutagenic meat]
  6253 | D:5      | Gained mutation: Your spells are a little easier to cast, but a little less powerful. [potion of mutation]
  6341 | D:6      | Found a sparkling altar of Nemelex Xobeh.
  6341 | D:6      | Noticed Jessica
  6354 | D:6      | Killed Jessica
  6361 | D:6      | Found a stormy altar of Qazlal.
  6364 | D:6      | Found a basalt altar of Yredelemnul.
  6476 | D:6      | Found a burning altar of Makhleb.
  7103 | D:7      | Reached skill level 7 in Long Blades
  7119 | D:7      | Found a blossoming altar of Fedhas.
  7209 | D:7      | Found a snail-covered altar of Cheibriados.
  7333 | D:7      | Gained mutation: You sometimes gain power by taking damage. [demonic ancestry]
  7333 | D:7      | Reached XP level 9. HP: 69/69 MP: 9/9
  7779 | D:7      | Found an opulent altar of Gozag.
  7780 | D:7      | Found a glowing silver altar of Zin.
  7825 | D:7      | Got an ichor-stained leather armour
  7836 | D:7      | Identified the +3 leather armour "Zingeira" {+Blink rF- Int-3 SInv} (You found it on level 7 of the Dungeon)
  7837 | D:7      | Noticed a hill giant
  8212 | D:6      | Gained mutation: You have sharp fingernails. [potion of beneficial mutation]
  8383 | D:6      | Killed epen's ghost
  8383 | D:6      | Reached skill level 5 in Dodging
  8541 | D:7      | Found a sparkling altar of Nemelex Xobeh.
  8836 | D:8      | Reached skill level 8 in Long Blades
  9126 | D:8      | Found a shattered altar of Ashenzari.
  9596 | D:8      | Gained mutation: You have a pair of small antennae on your head. [demonic ancestry]
  9596 | D:8      | Reached XP level 10. HP: 58/77 MP: 10/10
 10251 | D:9      | Reached skill level 9 in Long Blades
 10463 | D:9      | Found Jaron's Book Boutique.
 10491 | D:9      | Found an ancient bone altar of Kikubaaqudgha.
 10904 | D:10     | Entered Level 10 of the Dungeon
 10905 | D:10     | Found Lotuan's Assorted Antiques.
 10918 | D:10     | Bought 2 potions of curing for 156 gold pieces
 10918 | D:10     | Bought a lumpy golden potion for 23 gold pieces
 11560 | D:10     | Noticed a hill giant
 11569 | D:10     | Killed a hill giant
 11569 | D:10     | Reached skill level 10 in Long Blades
 11912 | D:10     | Noticed a hill giant
 11936 | D:10     | Killed a hill giant
 11936 | D:10     | Reached XP level 11. HP: 86/86 MP: 11/11
 12217 | D:10     | Found a staircase to the Lair.
 12307 | D:10     | Noticed a hill giant
 12323 | D:10     | Killed a hill giant
 12371 | D:11     | Noticed Sonja
 12497 | D:11     | Noticed Snorg
 12659 | D:11     | Killed Snorg
 12809 | D:11     | Found a staircase to the Orcish Mines.
 12845 | D:11     | Killed Sonja
 12948 | D:11     | Noticed a hill giant
 12962 | D:11     | Killed a hill giant
 13219 | D:11     | Reached skill level 11 in Long Blades
 13254 | D:11     | Found a shadowy altar of Dithmenos.
 13350 | D:11     | Noticed a red ugly thing
 13374 | D:11     | Killed a red ugly thing
 13769 | Lair:1   | Entered Level 1 of the Lair of Beasts
 14453 | Lair:1   | Identified a scroll of acquirement
 14715 | Lair:1   | Gained mutation: You have a pair of antennae on your head. [demonic ancestry]
 14715 | Lair:1   | Reached XP level 12. HP: 72/95 MP: 12/12
 14931 | Lair:2   | Found a frozen archway.
 15894 | Lair:2   | Lost mutation: Your body sometimes deteriorates upon taking damage. [potion of cure mutation]
 15894 | Lair:2   | Lost mutation: Your spells are a little easier to cast, but a little less powerful. [potion of cure mutation]
 15894 | Lair:2   | Lost mutation: You are somewhat resistant to further mutation. [potion of cure mutation]
 16389 | Lair:3   | Gained mutation: You are somewhat resistant to further mutation. [potion of mutation]
 16399 | Lair:3   | Found a hole to the Spider Nest.
 16663 | Lair:4   | Noticed Urug
 16730 | Lair:4   | Found a staircase to the Swamp.
 16822 | Lair:4   | Reached skill level 12 in Long Blades
 17236 | Lair:4   | Killed Urug
 17777 | Lair:5   | Reached skill level 10 in Fighting
 18001 | Lair:5   | Found a staircase to the Slime Pits.
 18437 | Lair:5   | Noticed a six-headed hydra
 18476 | Lair:5   | Killed a six-headed hydra
 18769 | Lair:6   | Entered Level 6 of the Lair of Beasts
 18882 | Lair:6   | Gained mutation: You are completely covered in thin metallic scales. (AC +4, rElec) [demonic ancestry]
 18882 | Lair:6   | Reached XP level 13. HP: 103/103 MP: 13/13
 19097 | Lair:6   | Reached skill level 13 in Long Blades
 19106 | Lair:6   | Found a dark tunnel.
 19115 | Volcano  | Entered a volcano
 19225 | Volcano  | Noticed a red draconian
 19270 | Volcano  | Killed a red draconian
 19365 | Volcano  | Found a burning altar of Makhleb.
 19391 | Volcano  | Found a burning altar of Makhleb.
 19700 | Lair:6   | HP: 1/104 [spriggan rider/spear (8)]
 19842 | Lair:6   | Reached skill level 10 in Armour
 20979 | D:12     | Noticed Fannar
 21043 | D:12     | Killed Fannar
 21100 | D:12     | Noticed Harold
 21117 | D:12     | Killed Harold
 21244 | D:12     | Reached skill level 10 in Dodging
 21505 | D:12     | Found Teonocs's Book Shoppe.
 21730 | D:12     | Reached skill level 14 in Long Blades
 21878 | D:13     | Found a gate to the Vaults.
 22065 | D:13     | Gained mutation: Your flesh is cold resistant. (rC+) [demonic ancestry]
 22065 | D:13     | Reached XP level 14. HP: 25/113 MP: 14/14
 22342 | D:13     | Paralysed by a wizard for 5 turns
 22350 | D:13     | Paralysed by a wizard for 5 turns
 22521 | D:13     | Noticed Nessos
 22557 | D:13     | HP: 2/113 [Nessos/arrow (5)]
 23066 | D:13     | Killed Nessos
 23472 | D:14     | Noticed Roxanne
 23484 | D:14     | Found an iron altar of Okawaru.
 23601 | D:14     | Noticed Kirke
 23617 | D:14     | Killed Kirke
 24534 | D:15     | Entered Level 15 of the Dungeon
 24672 | D:15     | Reached skill level 15 in Long Blades
 25688 | D:15     | Gained mutation: You resist negative energy. (rN+) [demonic ancestry]
 25688 | D:15     | Reached XP level 15. HP: 87/121 MP: 15/15
 25962 | D:15     | Found a staircase to the Depths.
 26397 | Orc:1    | Entered Level 1 of the Orcish Mines
 26617 | Orc:1    | Noticed Josephine
 26630 | Orc:1    | Killed Josephine
 26962 | Orc:2    | Entered Level 2 of the Orcish Mines
 27392 | Orc:2    | Found a staircase to the Elven Halls.
 27398 | Orc:2    | Noticed an orc warlord
 27424 | Orc:2    | Killed an orc warlord
 27499 | Orc:2    | Paralysed by an orc sorcerer for 2 turns
 27931 | Orc:2    | Paralysed by an orc sorcerer for 2 turns
 28384 | Orc:2    | Found Osoly's Antique Armour Emporium.
 28385 | Orc:2    | Found Xiocigav's Antique Weapon Shoppe.
 28386 | Orc:2    | Found Covupsuo's General Store.
 28386 | Orc:2    | Found Cyajaun's Jewellery Emporium.
 28390 | Orc:2    | Bought a scroll of teleportation for 36 gold pieces
 28659 | D:6      | Became a worshipper of Makhleb the Destroyer
 28925 | Spider:1 | Entered Level 1 of the Spider Nest
 29134 | Spider:1 | Noticed Asterion
 29163 | Spider:1 | Killed Asterion
 29163 | Spider:1 | Reached skill level 16 in Long Blades
 29237 | Spider:1 | Noticed Frances
 29487 | Lair:3   | Reached * piety under Makhleb
 29544 | Spider:1 | Killed a ghost moth
 29649 | Spider:1 | Killed Frances
 29766 | Spider:1 | Noticed Louise
 29775 | Spider:1 | Cast into level 3 of the Abyss (Louise)
 29861 | Abyss:3  | Found a corrupted altar of Lugonu.
 29879 | Abyss:3  | Noticed a tentacled starspawn
 29906 | Abyss:3  | Noticed a bone dragon
 29970 | Abyss:3  | Noticed a revenant
 29983 | Abyss:3  | Killed a revenant
 30003 | Abyss:3  | Found a corrupted altar of Lugonu.
 30052 | Abyss:3  | Found a corrupted altar of Lugonu.
 30082 | Abyss:3  | Found a corrupted altar of Lugonu.
 30109 | Abyss:3  | Noticed a tentacled starspawn
 30125 | Abyss:3  | Found a corrupted altar of Lugonu.
 30158 | Abyss:3  | Found a corrupted altar of Lugonu.
 30182 | Abyss:3  | HP: 4/123 [meliai/divine providence (11)]
 30182 | Abyss:3  | HP: 1/123 [thrashing horror (3)]
 30183 | Abyss:3  | Slain by a thrashing horror

Skill      XL: |  1  2  3  4  5  6  7  8  9 10 11 12 13 14 15 |
---------------+----------------------------------------------+-----
Long Blades    | 2 3 4 5 7 8 10 11 12 14 15 16 | 16.4
Armour         | 3 4 5 6 7 8 9 10 11 12 | 12.1
Dodging        | 1 2 3 4 5 6 8 9 10 11 12 | 12.0
Fighting       | 4 5 6 8 9 10 11 12 13 | 13.1
Shields        | |  2.9

Action                   |  1- 3 |  4- 6 |  7- 9 | 10-12 | 13-15 || total
-------------------------+-------+-------+-------+-------+-------++-------
Melee: Long sword        |    80 |     4 |     9 |       |       ||    93
       Short sword       |    46 |   134 |   718 |  1603 |  1172 ||  3673
       Great sword       |       |       |       |       |  1012 ||  1012
Evoke: Wand              |       |       |       |     3 |    11 ||    14
  Use: Potion            |     2 |       |     8 |    12 |     9 ||    31
       Scroll            |       |     7 |     5 |    16 |    18 ||    46
 Stab: Invisible         |       |       |       |     4 |     4 ||     8
       Distracted        |       |       |       |       |     3 ||     3
       Petrified         |       |       |       |       |     9 ||     9
       Held in net/web   |       |       |       |       |     2 ||     2
       Petrifying        |       |       |       |       |     1 ||     1
  Eat: Chunk             |     1 |     2 |    26 |    31 |    25 ||    85
       Bread ration      |       |     1 |       |       |       ||     1
       Pizza             |       |       |     1 |     1 |     1 ||     3
       Royal jelly       |       |       |       |     2 |     1 ||     3
       Beef jerky        |       |       |       |     1 |       ||     1
       Meat ration       |       |       |       |     2 |     2 ||     4
Armor: Scale mail        |    77 |    57 |   182 |       |       ||   316
       Skin              |    55 |       |       |       |       ||    55
       Leather armour    |       |       |    77 |    11 |       ||    88
       Steam dragon scal |       |       |       |    92 |       ||    92
       Troll leather arm |       |       |       |   360 |   867 ||  1227
Dodge: Dodged            |    59 |    88 |   422 |  1047 |  2014 ||  3630
Block: Shield            |    29 |       |       |       |       ||    29
       Rpst.: Long sword |     5 |     2 |     3 |       |       ||    10
       Great sword       |       |       |       |       |   236 ||   236
